 Dungeon Crawl Stone Soup version 0.28.0-45-g0d030f2227 (webtiles) character file.

Game seed: 1377263158655103678

28 NinjaNoafa the Covered (level 3, 28/28 HPs)
             Began as a Gnoll Wanderer on Apr 12, 2022.
             Tarried too long and was consumed by Zot
             ... on level 1 of the Dungeon.
             The game lasted 00:03:49 (6004 turns).

NinjaNoafa the Covered (Gnoll Wanderer)             Turns: 6004, Time: 00:03:49

Health: 28/28      AC:  3    Str: 15    XL:     3   Next: 12%
Magic:  3/3        EV: 11    Int:  8    God:
Gold:   68         SH:  0    Dex: 12    Spells: 3/3 levels left

rFire   . . .      SeeInvis .   b - +0 hunting sling
rCold   . . .      Faith    .   (no shield)
rNeg    . . .      Spirit   .   j - +0 leather armour
rPois   .          Reflect  .   (no helmet)
rElec   .          Harm     .   (no cloak)
rCorr   .          Rampage  .   (no gloves)
Will    .....                   (no boots)
Stlth   +.........              (no amulet)
HPRegen 0.09/turn               (no ring)
MPRegen 0.08/turn               (no ring)

@: bezotted
A: fangs 1, strong nose, distributed training
a: no special abilities


You were on level 1 of the Dungeon.
You visited 1 branch of the dungeon, and saw 1 of its levels.

You collected 68 gold pieces.

Inventory:

Hand Weapons
 a - a +0 flail
 b - a +0 hunting sling (weapon)
Missiles
 c - 30 sling bullets (quivered ammo)
 f - 4 poisoned darts
 i - 13 arrows
 k - 25 bolts
Armour
 d - a +0 scale mail
 j - a +0 leather armour (worn)
Scrolls
 e - a scroll of fear {unknown}
 g - a scroll of teleportation {unknown}
Potions
 h - a potion of degeneration {unknown}


   Skills:
 + Level 2.5 Fighting
 + Level 0.6 Short Blades
 + Level 0.6 Long Blades
 + Level 0.6 Axes
 + Level 6.5 Maces & Flails
 + Level 0.6 Polearms
 + Level 0.6 Staves
 + Level 4.5 Slings
 + Level 0.6 Bows
 + Level 0.6 Crossbows
 + Level 0.6 Throwing
 + Level 6.5 Armour
 + Level 0.6 Dodging
 + Level 0.6 Stealth
 + Level 0.6 Shields
 + Level 0.6 Unarmed Combat
 + Level 0.6 Spellcasting
 + Level 0.4 Conjurations
 + Level 0.4 Hexes
 + Level 0.4 Summonings
 + Level 0.4 Necromancy
 + Level 0.4 Translocations
 + Level 0.4 Transmutations
 + Level 0.4 Fire Magic
 + Level 0.4 Ice Magic
 + Level 0.4 Air Magic
 + Level 0.4 Earth Magic
 + Level 0.4 Poison Magic
 + Level 0.8 Invocations
 + Level 2.5 Evocations


You had 3 spell levels left.
You didn't know any spells.
Your spell library contained the following spells:

 Spells                   Type           Power      Damage    Failure   Level
 Beastly Appendage        Tmut           2%         N/A       38%         1
 Wereblood                Tmut           1%         N/A       52%         2
 Spider Form              Tmut/Pois      1%         N/A       77%         3


Dungeon Overview and Level Annotations

Branches:
Dungeon (1/15)

Altars:


Innate Abilities, Weirdness & Mutations

You have very sharp teeth.
Your uncanny sense of smell can sniff out nearby items.
Your experience applies equally to all skills.


Message History

You start waiting.
You start waiting.
You start waiting.
You start waiting.
You start waiting.
You start waiting.
You start waiting.
You start waiting.
You start waiting.
You start waiting.
You start waiting.
You start waiting.
You start waiting.
You start waiting.
Done waiting.
You start waiting.
You have lingered too long.
Zot senses you.
Dive deeper or flee this branch before you perish!
You start waiting.
Done waiting.
You start waiting.
Done waiting.
You start waiting.
Done waiting.
You start waiting.
You start waiting.
You start waiting.
You start waiting.
Zot draws nearer.
Dive deeper or flee this branch before you perish!
Unknown command.
You start waiting.
Done waiting.
You start waiting.
You start waiting.
You start waiting.
You start waiting.
You start waiting.
Zot has nearly found you.
Death is approaching.
Descend or flee this branch!
You start waiting.
You start waiting.
Zot has found you!
You die...

##'## #.......#.#
##...###########.#
##.....## ####.#
##.......## ##.##.#
#.........####...#.#
'.........'........#
#.........####...#.#
##.......##
##.##.### ##.....##
##@....# ##...##
#.#.#.# ##+##
#.#.#.# #.# #.#.#.#
#.## #.#.#.#
#####..### #.#.#.#
.........# #.#.#.#
###......## #.#.#.#
##......## #.....#


There were no monsters in sight!

Vanquished Creatures
  A bat (D:1)
  4 endoplasms (D:1)
  A giant cockroach (D:1)
  2 goblins (D:1)
  4 hobgoblins (D:1)
  4 jackals (D:1)
  A kobold (D:1)
  A ball python (D:1)
  2 frilled lizards (D:1)
  3 rats (D:1)
23 creatures vanquished.

Notes
Turn   | Place    | Note
-------+----------+-------------------------------------------
     0 | D:1      | NinjaNoafa the Gnoll Wanderer began the quest for the Orb.
     0 | D:1      | NinjaNoafa set off with the following items: a +0 flail, a
                  | +0 hunting sling, 21 sling bullets, a +0 scale mail
     0 | D:1      | Reached XP level 1. HP: 17/17 MP: 1/1
   227 | D:1      | Reached XP level 2. HP: 23/23 MP: 2/2
   615 | D:1      | Reached XP level 3. HP: 26/28 MP: 3/3
  5004 | D:1      | Glimpsed the power of Zot.
  5504 | D:1      | Glimpsed the power of Zot.
  5904 | D:1      | Glimpsed the power of Zot.
  6003 | D:1      | Glimpsed the power of Zot.
  6004 | D:1      | Tarried too long and was consumed by Zot

Illustrated notes

Levels and vault maps discovered:
D:1:      minmay_arrival_arboretum_small, layout_loops_corners,
          corexii_leaking_fountain

Action                   || total
-------------------------++-------
Melee: Flail             ||     3
 Fire: Hunting sling     ||    66
Armor: Scale mail        ||    15
Dodge: Dodged            ||    14
